AoeStats
← Fenium

Black Forest

509028381Analyzed
4v4 RM · 5d ago on Sep 25, 2026· 58m 0s· 8 players
Game mode
Random Map
Map size
Large (8 player)
Population
200
Speed
Normal
Resources
Standard
Victory
Conquest
Starting age
Dark Age
Ending age
Imperial Age
RankedLock teamsTeams togetherTeam positionsShared explorationLock speedFull tech treeHidden civsTurbo modeCheats
Victory
Defeat
🇮🇱 Hindustanis · Israel
1062
+13
🇹🇼 Varangians · Taiwan
1029
+15
🇧🇷 Franks · Brazil
1019
+15
🇨🇳 Spanish · China
1015
+15
🇹🇷 Khmer · Türkiye
1081
-17
🇺🇸 Britons · United States
997
-14
🇹🇷 Vietnamese · Türkiye
974
-14
🇺🇸 Persians · United States
957
-13
种田懦手
1:43 Loom
14:24 Feudal Age
15:39 Double-Bit Axe
15:36 Horse Collar
18:01 Castle Age
17:49 Town Watch
21:17 Bow Saw
26:29 Heavy Plow
28:12 Wheelbarrow
27:42 Gold Mining
27:43 Stone Mining
32:18 Imperial Age
30:46 Hand Cart
31:18 Stone Shaft Mining
31:48 Padded Archer Armor
32:45 Leather Archer Armor
32:44 Masonry
33:10 Husbandry
33:20 Bloodlines
34:31 Chemistry
34:03 Ring Archer Armor
32:58 Elite Conquistador
33:59 Conscription
34:36 Guilds
35:29 Two-Man Saw
34:49 Fletching
35:31 Architecture
35:45 Bodkin Arrow
35:13 Light Cavalry
36:04 Scale Barding Armor
36:45 Town Patrol
39:21 Coinage
38:54 Caravan
39:15 Ballistics
38:57 Bracer
41:25 Banking
52:56 Capped Ram
Mike
1:34 Loom
13:02 Feudal Age
17:06 Castle Age
15:47 Double-Bit Axe
17:58 Bow Saw
19:51 Horse Collar
21:57 Fishing Lines
23:17 Wheelbarrow
22:49 Heavy Plow
23:31 Wheelbarrow
23:21 Gillnets
25:03 Hand Cart
24:59 Gold Mining
27:09 Gold Shaft Mining
29:22 Imperial Age
26:55 Stone Mining
28:59 Stone Shaft Mining
28:38 Fletching
28:49 Padded Archer Armor
29:10 Ballistics
29:38 Bodkin Arrow
30:16 Leather Archer Armor
31:09 Chemistry
30:24 Thumb Ring
29:40 Elite Skirmisher
30:49 Bracer
31:23 Scale Barding Armor
31:29 Forging
30:51 Onager
33:42 Town Watch
34:21 Grand Trunk Road
35:32 Ring Archer Armor
35:45 Chain Barding Armor
36:41 Shatagni
37:56 Siege Engineers
42:52 Pikeman
44:13 Conscription
46:00 Scale Mail Armor
46:36 Iron Casting
46:36 Plate Barding Armor
47:48 Bloodlines
47:38 Husbandry
46:59 Light Cavalry
47:21 Siege Elephant
49:14 Blast Furnace
49:08 Hussar
50:46 Coinage
56:47 Banking
小佑
10:13 Feudal Age
10:41 Double-Bit Axe
13:27 Fishing Lines
19:23 Gold Mining
21:49 Castle Age
22:49 Caravan
22:57 Gillnets
23:10 Stone Mining
23:12 Gold Mining
23:34 Bow Saw
23:12 Loom
23:14 Town Watch
25:49 Wheelbarrow
28:59 Hand Cart
31:07 Stone Shaft Mining
33:37 Coinage
36:06 Imperial Age
37:01 Guilds
37:34 Banking
42:09 Two-Man Saw
43:36 Conscription
44:09 Treadmill Crane
44:40 Masonry
44:43 Fortified Wall
44:24 Guard Tower
44:26 Heated Shot
44:59 Ballistics
种田美眉
6:56 Loom
11:23 Feudal Age
15:23 Castle Age
14:25 Double-Bit Axe
16:31 Bow Saw
28:08 Imperial Age
26:54 Scale Barding Armor
26:59 Forging
27:59 Chain Barding Armor
29:10 Iron Casting
29:13 Gold Mining
29:15 Cavalier
29:58 Husbandry
30:36 Plate Barding Armor
31:21 Gold Shaft Mining
32:12 Blast Furnace
31:03 Fletching
31:16 Caravan
30:56 Paladin
34:59 Conscription
37:13 Wheelbarrow
36:23 Town Watch
51:37 Bodkin Arrow
55:07 Chivalry
CoCoBudda42
0:27 Loom
11:59 Feudal Age
16:55 Castle Age
22:42 Double-Bit Axe
26:53 Wheelbarrow
28:42 Hand Cart
32:08 Imperial Age
30:34 Stone Mining
30:58 Caravan
31:57 Fletching
32:09 Padded Archer Armor
32:34 Ballistics
32:37 Bow Saw
34:24 Conscription
33:59 Pikeman
34:25 Gambesons
34:41 Squires
34:26 Arson
34:54 Halberdier
36:20 Bodkin Arrow
36:41 Leather Archer Armor
36:56 Yeomen
36:07 Elite Longbowman
37:06 Bracer
38:44 Chemistry
37:57 Elite Longbowman
46:58 Warwolf
Diesel_Dab
1:55 Loom
23:43 Feudal Age
27:51 Castle Age
32:45 Double-Bit Axe
32:43 Horse Collar
33:56 Fishing Lines
35:18 Gold Mining
35:31 Heavy Plow
36:00 Bow Saw
36:24 Bloodlines
37:12 Husbandry
37:26 Scale Barding Armor
37:38 Forging
38:51 Chain Barding Armor
Fenium
4:03 Loom
13:01 Feudal Age
19:24 Castle Age
18:18 Double-Bit Axe
18:25 Horse Collar
22:09 Wheelbarrow
23:50 Bow Saw
23:54 Gold Mining
27:03 Hand Cart
31:27 Imperial Age
30:04 Scale Barding Armor
30:10 Forging
30:42 Heavy Plow
30:36 Stone Mining
31:23 Gold Shaft Mining
31:35 Chain Barding Armor
32:00 Stone Shaft Mining
32:14 Iron Casting
32:48 Elite Ballista Elephant
33:10 Elite Ballista Elephant
34:09 Double Crossbow
34:23 Capped Ram
36:48 Chemistry
36:08 Ballistics
37:40 Blast Furnace
37:22 Plate Barding Armor
37:05 Husbandry
37:16 Bloodlines
38:54 Crop Rotation
51:50 Tusk Swords
52:12 Conscription
52:32 Elite Battle Elephant
54:13 Blast Furnace
53:53 Hoardings
GGuVeNnN
14:42 Loom
17:17 Feudal Age
18:33 Horse Collar
18:44 Double-Bit Axe
18:46 Fishing Lines
24:32 Padded Archer Armor
24:23 Fletching
27:57 Castle Age
27:13 Stone Mining
27:13 Gold Mining
28:03 Wheelbarrow
29:12 Bow Saw
29:05 Heavy Plow
30:14 Stone Shaft Mining
31:23 Hand Cart
31:24 Crossbowman
31:25 Elite Skirmisher
33:40 Gillnets
34:09 Leather Archer Armor
33:50 Bodkin Arrow
34:06 Caravan
36:50 Scale Barding Armor
39:21 Imperial Age
37:28 Thumb Ring
36:54 Pikeman
37:34 Squires
38:23 Chatras
38:27 Husbandry
38:40 Bloodlines
39:25 Arson
40:03 Halberdier
40:45 Arbalester
45:06 Crop Rotation
45:40 Two-Man Saw
53:37 Arbalester
53:38 Imperial Skirmisher
56:09 Chemistry
54:55 Arrowslits
55:30 Ballistics
Connection lost

Rejoining the realm…

Still unreachable

The connection could not be restored.

Session expired

The server has moved on; the page needs a fresh start.